Cogmind - Beta 16 @@@ ROGUE MODE // 2025.11.27 @ 16:40:54 Player: AngelSpirit Result: Destroyed by P-80 Master with Gamma Rifle Performance ------------- Evolutions (8) 4000 Regions Visited (23) 4600 Robots Destroyed (276) 1380 Value Destroyed (15401) 15401 Prototype IDs (93) 1860 Alien Tech Used (5) 1000 Bonus (9522) 9522 TOTAL SCORE: 37763 Bonus ------- High Alert Combat Kills 5194 Follower Combat Kills 2461 Registered with UFD 300 Met Optimus in HQ 500 Met Data Miner 300 Met Zhirov 300 Scanned by Researcher 500 Friendly Fire -33 Cogmind --------- Core Integrity 0/1450 Matter 268/300 Energy 532/540 System Corruption 66% Temperature Cool (16) Movement Hovering (48) Location -2/Protoforge Parts ------- > --- POWER (2) -------- Light Quantum Reactor > --- PROPULSION (5) --- Improved Antigrav System Improved Antigrav System Improved Antigrav System Improved Antigrav System > --- UTILITY (13) ----- Advanced Heat Sink Advanced Heat Sink Advanced Heat Sink Advanced Heat Sink Advanced Heat Sink Energy Well Advanced Transmission Jammer Graphene Brace (fused) Hacking Suite Advanced Hacking Suite Improved System Shield > --- WEAPON (5) ------- Enhanced Hardcell Cannon > --- INVENTORY (5) ---- Light Antimatter Reactor Improved Antigrav System Improved Matter Compressor (300) Subatomic Replicator Enhanced Nova Cannon Peak State ------------ > --- POWER ------------ Particle Reactor Light Quantum Reactor > --- PROPULSION ------- Heavy Shield Leg Heavy Shield Leg High-density Centrium Leg > --- UTILITY ---------- Advanced Heat Sink Advanced Cooling System Advanced Coolant Injector Experimental Coolant Injector Large Storage Unit Advanced Sensor Array Improved Targeting Computer Improved Weapon Cycler Centrium Heavy Armor Plating Graphene Brace Advanced Force Field A0-MCA's Component Scanner > --- WEAPON ----------- Gatling Laser Gatling Laser Heavy Gatling Laser Advanced Plasma Rifle Power Sword > --- INVENTORY -------- Particle Reactor Particle Reactor Advanced VSS Leg Heavy Shield Leg Heavy Shield Leg Advanced Heat Sink Improved Matter Compressor Quantum Capacitor Stasis Canceller Advanced Plasma Rifle Advanced Plasma Rifle Advanced Plasma Rifle [Rating: 185] Favorites ----------- Power F-cell Engine Engine F-cell Engine Power Core Light Nuclear Core Reactor Particle Reactor Propulsion Myomer Leg Treads Enhanced Armored Medium Treads Leg Myomer Leg Wheel Wheel Hover Unit Improved Antigrav System Flight Unit Flightbrick Utility Improved Hacking Suite Device Advanced Heat Sink Storage Large Storage Unit Processor A0-MCA's Component Scanner Hackware Improved Hacking Suite Protection Improved Medium Armor Plating Weapon Power Sword Energy Gun Gatling Laser Energy Cannon HERF Cannon Ballistic Gun KE Penetrator Ballistic Cannon Battle Cannon Launcher Grenade Launcher Special Weapon Improved Plasma Cutter Impact Weapon Makeshift Hammer Slashing Weapon Power Sword Piercing Weapon Force Lance Build | -11 -10 -10 -8 -8 -6 -6 -6 -6 -5 -5 -5 -5 -5 -4 -4 -4 -4 -4 -3 -3 -2 -2 -2 ------- Run | Yrd Mat Sub Rec Scr Fac Low Low Dat Pro Fac Upp Upp Zhi Pro Fac Was Fac Ext Res Tes Res Qua Frg Slots Evolved 16 | . . . . . 8 . . . . 2 . . . . 2 . . . 2 . 2 . . Power 1 | . . . . . . . . . . . . . . . 1 . . . . . . . . Propulsion 3 | . . . . . 2 . . . . . . . . . . . . . 1 . . . . Utility 9 | . . . . . 5 . . . . 1 . . . . 1 . . . 1 . 1 . . Weapon 3 | . . . . . 1 . . . . 1 . . . . . . . . . . 1 . . Parts Attached 280 | 6 12 8 8 4 24 2 4 . . 6 5 2 . . 1 . 10 38 36 30 40 41 3 Power 41 | 1 3 . 1 2 3 . . . . . . . . . . . 1 5 7 6 6 6 . Engine 9 | 1 3 . 1 1 3 . . . . . . . . . . . . . . . . . . Core 3 | . . . . 1 . . . . . . . . . . . . . 2 . . . . . Reactor 29 | . . . . . . . . . . . . . . . . . 1 3 7 6 6 6 . Propulsion 65 | 2 2 2 1 . 1 . . . . . . . . . . . 5 11 10 5 12 14 . Treads 1 | . . . . . . . . . . . . . . . . . . . . 1 . . . Leg 44 | . . . . . . . . . . . . . . . . . . 11 10 4 12 7 . Wheel 7 | 2 2 2 1 . . . . . . . . . . . . . . . . . . . . Hover 6 | . . . . . . . . . . . . . . . . . 1 . . . . 5 . Flight 7 | . . . . . 1 . . . . . . . . . . . 4 . . . . 2 . Utility 97 | 1 1 4 4 1 13 2 3 . . 2 2 . . . 1 . 4 10 13 11 9 13 3 Device 55 | . . 3 . . 3 1 2 . . 1 . . . . 1 . 3 5 9 11 6 9 1 Storage 5 | 1 1 . 1 . . . . . . . . . . . . . 1 . . . . 1 . Processor 12 | . . 1 . 1 4 . . . . . 1 . . . . . . . 2 . 2 1 . Hackware 12 | . . . . . 6 . . . . 1 1 . . . . . . . . . . 2 2 Protection 13 | . . . 3 . . 1 1 . . . . . . . . . . 5 2 . 1 . . Artifact . | . . . . . . . . . . . . . . . . . . . . . . . . Weapon 77 | 2 6 2 2 1 7 . 1 . . 4 3 2 . . . . . 12 6 8 13 8 . Energy Gun 20 | . 1 . . . 1 . . . . . . 2 . . . . . . . 4 10 2 . Energy Cannon 8 | . 1 1 . . 1 . . . . 1 . . . . . . . 1 1 . 1 1 . Ballistic Gun 22 | 2 3 . 1 . 1 . 1 . . . 2 . . . . . . 4 3 3 . 2 . Ballistic Cannon 12 | . . . 1 1 . . . . . . . . . . . . . 5 1 1 1 2 . Launcher 3 | . 1 . . . 1 . . . . 1 . . . . . . . . . . . . . Special Weapon 1 | . . . . . 1 . . . . . . . . . . . . . . . . . . Impact Weapon 3 | . . 1 . . . . . . . 1 . . . . . . . . . . . 1 . Slashing Weapon 6 | . . . . . 2 . . . . . 1 . . . . . . 1 1 . 1 . . Piercing Weapon 2 | . . . . . . . . . . 1 . . . . . . . 1 . . . . . Special Melee Weapon . | . . . . . . . . . . . . . . . . . . . . . . . . Unidentified Prototypes 6 | . . 1 . . . . 1 . . . . . 1 . . . . . . . . 3 . Parts Lost 133 | . 1 1 . . 2 . . . . 2 1 . . 1 . . 6 16 9 22 28 40 4 Power 19 | . . . . . . . . . . . . . . . . . 1 1 1 4 5 6 1 Propulsion 28 | . . 1 . . . . . . . . . . . . . . 2 5 . 6 4 9 1 Utility 46 | . . . . . 2 . . . . 1 . . . . . . 1 5 5 6 10 15 1 Weapon 40 | . 1 . . . . . . . . 1 1 . . 1 . . 2 5 3 6 9 10 1 Highest Loss Streak 22 | . 1 1 . . 2 . . . . 1 1 . . 1 . . 3 7 2 10 8 22 4 To Critical Strikes . | . . . . . . . . . . . . . . . . . . . . . . . . Average Backups 7 | . 6 6 8 10 3 4 5 5 5 5 5 5 5 5 5 5 6 9 11 9 9 5 4 Power . | . . 1 . . . 1 1 1 1 . . 1 1 1 1 1 . . 1 . 1 . . Propulsion 1 | . 2 2 1 1 . . . . . . . . . . . . 1 2 4 4 3 1 1 Utility 3 | . 2 2 6 9 2 2 3 3 3 3 3 3 3 3 3 3 4 5 4 3 4 1 1 Weapon . | . . 1 . . . 1 1 1 1 1 1 1 1 1 1 1 . 1 1 . 1 1 1 Tool/Special . | . . . . . . . . . . . . . . . . . . . . . . . . Unused Backups 39 | . . . 1 3 6 . . . . 2 2 . 3 . . . 3 4 4 1 5 . 5 Power 5 | . . . 1 . 1 . . . . 1 . . 1 . . . . . . . . . 1 Propulsion 14 | . . . . . . . . . . . . . . . . . 2 4 3 . 4 . 1 Utility 15 | . . . . 3 5 . . . . 1 1 . 2 . . . 1 . . 1 . . 1 Weapon 3 | . . . . . . . . . . . . . . . . . . . 1 . 1 . 1 Tool/Special 2 | . . . . . . . . . . . 1 . . . . . . . . . . . 1 Average Slot Usage (%) 81 | . 84 99 100 93 66 71 74 77 76 65 69 74 75 73 68 72 70 92 95 81 84 68 78 Engine 4 | . 14 14 14 8 3 4 4 4 4 4 4 4 4 4 4 4 . . . . . . . Reactor 2 | . . . . . . . . . . . . . . . . . 3 5 7 7 7 4 7 Leg 4 | . . . . . . . . . . . . . . . . . . 15 20 11 14 11 . Wheel 6 | . 27 27 28 28 . . . . . . . . . . . . . . . . . . . Flight 1 | . . . . . 3 4 4 4 4 4 4 4 4 4 4 4 6 1 . . . . . Device 15 | . . 12 . . 7 12 15 18 18 13 12 12 12 12 12 16 17 19 26 29 31 27 28 Storage 4 | . 14 14 14 14 . . . . . . . . . . . . 2 4 4 4 4 2 4 Processor 10 | . . 1 . 6 17 19 18 18 18 16 16 16 16 16 16 16 13 9 8 9 7 2 . Hackware 8 | . . . . . 17 14 13 13 13 12 19 20 20 20 20 20 14 11 4 2 . 2 11 Protection 1 | . . . 13 1 . 1 . . . . . . . . . . . 4 4 . 2 . . Energy Gun 3 | . 5 . . . 3 4 4 4 3 1 . 3 4 4 4 4 . . . 7 13 4 . Energy Cannon 1 | . 5 2 . . . . . . . . 2 . . . . . . 2 4 1 . . . Ballistic Gun 4 | . 13 1 13 8 2 3 7 9 9 5 5 8 8 4 4 4 2 3 7 2 . 1 . Ballistic Cannon 2 | . . . 13 19 1 . . . . . . . . . . . . 4 . 1 1 2 4 Launcher 1 | . 4 14 . . . . . . . 2 . . . 1 . . . . . . . . . Impact Weapon 1 | . . 10 . . . . . . . . . . . . . . . . . . . 1 2 Slashing Weapon 2 | . . . . . 3 4 4 4 3 4 3 4 4 2 4 4 4 3 3 2 2 . . Peak Build Rating 185 | 6 7 17 20 29 116 118 131 131 131 133 131 138 139 138 136 136 151 130 161 166 185 164 161 Average Rating 103 | 4 5 14 18 23 110 116 126 131 130 128 130 135 137 132 132 136 127 119 148 145 165 125 140 On Entrance 102 | . 6 6 17 20 29 115 117 131 131 131 127 131 138 138 132 136 136 103 129 138 155 154 145 Avg Prop Armor Cover (%) 5 | . . . . . . . . . . . . . . . . . 5 . 3 5 2 5 . Naked Turns . | . . . . . . . . . . . . . . . . . . . . . . . . Heaviest Build 135 | 11 21 22 38 38 25 33 33 33 33 33 33 33 33 33 30 30 44 93 109 107 135 96 60 Greatest Support 152 | 32 32 26 26 26 33 33 33 33 33 33 33 33 33 33 33 33 50 100 128 123 152 144 65 Greatest Overweight (x) 3 | . 1 2 1 1 . . . . . . . . . . . . . 3 . . 1 1 . Average Overweight (x) . | . . . . 1 . . . . . . . . . . . . . . . . . . . Largest Inventory Capacity 15 | 8 10 10 15 15 15 5 5 5 5 5 5 5 5 5 5 5 15 15 15 15 15 15 5 Average Capacity 9 | 7 9 10 11 15 5 5 5 5 5 5 5 5 5 5 5 5 10 15 15 15 15 7 5 Most Carried 15 | . 10 10 15 15 15 5 5 5 5 5 5 5 5 5 5 5 15 15 15 15 15 15 5 Average Carried 8 | . 6 9 11 14 4 4 4 5 5 4 4 5 4 4 5 5 7 10 13 11 11 5 4 Final Capacity 15 | 8 10 10 15 15 5 5 5 5 5 5 5 5 5 5 5 5 15 15 15 15 15 5 5 Final Carried 15 | . 9 10 15 15 5 5 5 5 5 5 5 5 5 5 5 5 15 13 14 15 15 4 5 Class Distribution -------------------- 25% | Mutant 24% | Hacker-Scout 11% | Hacker-Ninja 9% | Scavenger-Tank 7% | Scavenger-Gunner 7% | Hacker-Mutant 5% | Scavenger-Mutant 5% | Scavenger-Skirmisher Dominant Class ---------------- Mutant | -10/Materials Mutant | -10/Subcaves Mutant | -8/Recycling Mutant | -8/Scraptown Hacker-Ninja | -6/Factory Hacker-Scout | -6/Lower Caves Hacker-Ninja | -6/Lower Caves Hacker-Ninja | -6/Data Miner Hacker-Ninja | -5/Proximity Caves Hacker-Scout | -5/Factory Hacker-Scout | -5/Upper Caves Hacker-Scout | -5/Upper Caves Hacker-Scout | -5/Zhirov Hacker-Scout | -4/Proximity Caves Hacker-Scout | -4/Factory Hacker-Ninja | -4/Waste Hacker-Mutant | -4/Factory Scavenger-Tank | -4/Extension Scavenger-Tank | -3/Research Scavenger-Gunner | -3/Testing Scavenger-Gunner | -2/Research Scavenger-Mutant | -2/Quarantine Scavenger-Mutant | -2/Protoforge Resources | -11 -10 -10 -8 -8 -6 -6 -6 -6 -5 -5 -5 -5 -5 -4 -4 -4 -4 -4 -3 -3 -2 -2 -2 ----------- Run | Yrd Mat Sub Rec Scr Fac Low Low Dat Pro Fac Upp Upp Zhi Pro Fac Was Fac Ext Res Tes Res Qua Frg Matter Collected 11220 | 211 416 665 204 48 570 386 165 . 147 75 406 698 250 483 . . 586 1451 1444 876 893 1162 84 Remotely . | . . . . . . . . . . . . . . . . . . . . . . . . Salvage Created 14219 | . 428 161 58 . 45 278 136 . 82 362 397 454 . 287 . . 659 1138 2303 1305 4381 1663 82 Parts 600 | . 36 13 6 . 3 6 8 . 8 26 23 29 . 10 . . 27 55 105 55 129 60 1 Haulers Intercepted 1 | . 1 . . . . . . . . . . . . . . . . . . . . . . Recyclers Shooed 5 | . 2 . . . . . . . . . . . . . . . 1 . 1 . 1 . . Parts Field Recycled . | . . . . . . . . . . . . . . . . . . . . . . . . Retrieved Matter . | . . . . . . . . . . . . . . . . . . . . . . . . Parts Self-Destructed 98 | . . 16 . . . 10 7 . 7 . 21 29 . 8 . . . . . . . . . Prevented . | . . . . . . . . . . . . . . . . . . . . . . . . Parts Restored . | . . . . . . . . . . . . . . . . . . . . . . . . Kills | -11 -10 -10 -8 -8 -6 -6 -6 -6 -5 -5 -5 -5 -5 -4 -4 -4 -4 -4 -3 -3 -2 -2 -2 ------- Run | Yrd Mat Sub Rec Scr Fac Low Low Dat Pro Fac Upp Upp Zhi Pro Fac Was Fac Ext Res Tes Res Qua Frg Combat Hostiles Destroyed 233 | . 15 5 1 . . 9 3 . 6 7 5 6 . 10 . . 4 16 35 21 68 22 . Melee 11 | . . 1 . . . 1 . . . 2 1 . . . . . 1 1 . 3 . 1 . Guns 99 | . 6 . 1 . . 1 2 . 2 1 3 6 . 1 . . 2 9 15 5 38 7 . Cannons 62 | . 1 . . . . . . . . . 1 . . . . . . 6 18 12 13 11 . AOE 39 | . 8 4 . . . 7 1 . 4 4 . . . 9 . . 1 . . . . 1 . Classes Destroyed 23 | . 6 2 1 . 1 2 1 . 1 1 2 . . . . . 1 . 2 1 1 1 . Worker 10 | . . . . . 1 . . . . . . . . . . . 4 . 1 1 3 . . Builder 6 | . 1 . . . . . . . . 2 . . . . . . . 1 . . 2 . . Hauler 1 | . 1 . . . . . . . . . . . . . . . . . . . . . . Recycler 6 | . . . . . . . . . . . . . . . . . 4 1 . 1 . . . Operator 4 | . 2 . . . . . . . . . . . . . . . . . . 1 . . 1 Drone 2 | . . . . . . . . . 2 . . . . . . . . . . . . . . Turret 2 | . . 2 . . . . . . . . . . . . . . . . . . . . . Watcher 13 | . 1 . . . 1 . . . . 1 . . . . . . 2 . 1 1 5 . 1 Swarmer 46 | . 9 1 . . . . . . 4 4 . . . . . . 1 3 6 5 13 . . Saboteur 1 | . . . . . . . . . . . . . . . . . . . 1 . . . . Grunt 78 | . 6 . . . . 5 . . . . . 3 . 7 . . . 4 16 6 22 9 . Brawler 7 | . . . . . . 2 . . . . . . . 1 . . . . . . 3 1 . Duelist 4 | . . . . . . 1 . . . . 2 . . . . . . . . . 1 . . Protector 2 | . . . . . . . . . . . . . . . . . . . . . 1 1 . Researcher 1 | . . . . . . . . . . . . . . . . . . . . . . 1 . Sentry 13 | . . . 1 . . 1 . . . . 1 1 . . . . . 2 2 . 5 . . Specialist 3 | . . . . . . . . . . . . . . . . . . . . 3 . . . Hunter 23 | . . . . . . . . . . . 1 . . . . . . 4 4 2 7 5 . Programmer 41 | . . . . . . . . . . 3 . 1 . 2 . . 3 2 4 5 15 6 . Heavy 1 | . . . . . . . . . . . . . . . . . . . 1 . . . . Behemoth 5 | . . . . . . . . . . . 1 1 . . . . . 1 1 . 1 . . Subdweller 4 | . . 4 . . . . . . . . . . . . . . . . . . . . . Thief 1 | . . . . . . . 1 . . . . . . . . . . . . . . . . Butcher 2 | . . . . . . . 2 . . . . . . . . . . . . . . . . Best Kill Streak 15 | . 4 2 1 . 1 7 2 . 4 6 2 1 . 5 . . 8 4 10 15 11 4 1 Combat Bots Only 10 | . 4 2 1 . . 7 2 . 4 4 2 1 . 5 . . 2 4 10 9 9 4 . Max Kills in Single Turn 8 | . 3 2 1 . 1 2 2 . 4 2 1 1 . 2 . . 8 2 2 2 2 1 1 Gunslinging 1 | . . . . . . . 1 . . . . . . . . . . . . . . . . Exploded 4 | . 3 2 . . . 2 1 . 4 2 . . . 2 . . 1 . . . . 1 . Melee 1 | . . 1 . . . 1 . . . 1 1 . . . . . 1 1 . 1 . 1 . Uniques/NPCs Destroyed . | . . . . . . . . . . . . . . . . . . . . . . . . Combat | -11 -10 -10 -8 -8 -6 -6 -6 -6 -5 -5 -5 -5 -5 -4 -4 -4 -4 -4 -3 -3 -2 -2 -2 -------- Run | Yrd Mat Sub Rec Scr Fac Low Low Dat Pro Fac Upp Upp Zhi Pro Fac Was Fac Ext Res Tes Res Qua Frg Hostile Shots Fired 2235 | . 77 33 2 . 22 13 1 . . 103 26 45 . 44 . . 110 212 242 446 535 290 34 Missed 720 | . 18 13 1 . 15 7 . . . 49 9 20 . 17 . . 60 60 80 129 140 84 18 Deflected 38 | . . . . . . . . . . . . . . . . . . 23 . . 15 . . Hits 1515 | . 59 20 1 . 7 6 1 . . 54 17 25 . 27 . . 50 152 162 317 395 206 16 Melee 9 | . . . . . . . 1 . . . . . . . . . . . . . 6 2 . Projectile 1506 | . 59 20 1 . 7 6 . . . 54 17 25 . 27 . . 50 152 162 317 389 204 16 Critical Strikes 76 | . . 1 . . . . 1 . . 5 . . . 1 . . 1 10 13 7 19 17 1 Actively Blocked 67 | . . . . . . . . . . . . . . . . . . 10 13 7 19 17 1 Part Disruptions 6 | . . . . . . . . . . . . . . . . . . . 2 2 1 . 1 Damage Taken 28890 | . 548 311 10 . 272 106 41 . . 1017 154 356 . 633 . . 1159 3021 3104 4756 8074 4912 416 Core 2929 | . 108 119 10 . 28 . . . . 119 . 19 . 135 . . 132 229 143 450 657 705 75 Absorbed by Shields 1764 | . . . . . . . . . . . . . . . . . . 59 538 389 778 . . Ignored by Resistances 6 | . . . 3 . . 3 . . . . . . . . . . . . . . . . . Regen/Repaired (Parts) 22 | . . . . . 22 . . . . . . . . . . . . . . . . . . Core Remaining (%) 65 | 100 . . . 5 . . . . 96 . . . . 72 . . . 68 . 54 . . . Volleys Fired 933 | . 67 34 1 . 9 30 5 . 8 13 43 109 . 47 . . 18 80 109 56 165 130 9 Largest 5 | . 2 2 2 . 1 2 3 . 3 3 2 3 . 2 . . 2 3 3 4 5 5 1 Hottest 420 | . 100 50 58 . 28 123 143 . 143 143 125 218 . 121 . . 121 169 205 320 420 342 58 Shots Fired 1932 | . 118 39 2 . 10 34 12 . 19 17 58 144 . 76 . . 25 186 315 151 527 191 8 Gun 1355 | . 89 9 1 . 9 21 10 . 16 9 51 144 . 56 . . 24 87 181 101 443 104 . Cannon 494 | . 21 . 1 . 1 . . . . 2 7 . . . . . . 99 134 50 84 87 8 Launcher 83 | . 8 30 . . . 13 2 . 3 6 . . . 20 . . 1 . . . . . . Special . | . . . . . . . . . . . . . . . . . . . . . . . . Kinetic 994 | . 64 9 2 . 10 17 7 . 11 7 51 137 . 47 . . 17 164 208 95 66 74 8 Thermal 735 | . 21 . . . . 4 3 . 5 4 7 7 . 9 . . 7 . 91 56 417 104 . Explosive 77 | . 8 30 . . . 13 2 . 3 . . . . 20 . . 1 . . . . . . Electromagnetic 126 | . 25 . . . . . . . . 6 . . . . . . . 22 16 . 44 13 . Robot Hit Streak 33 | . 7 3 1 . 6 10 1 . 2 3 15 24 . 25 . . 4 10 14 10 33 11 1 Robot Miss Streak 9 | . 8 2 . . 1 3 3 . 7 2 2 2 . 5 . . 3 5 6 7 9 7 3 Penetration Max 4 | . . . . . . . 1 . . 1 2 1 . . . . . 2 4 . . 1 . Secondary Targets 18 | . . . . . . . 1 . . 1 . . . . . . . 3 . . 12 1 . Max Gunslinging Chain 1 | . . . . . . . 1 . . 1 . . . . . . . 1 . . 1 1 . Capacitor 65 | . . . . . . . . . . . . . . . . . . . . . . 65 . Shots Hit Robots 1184 | . 44 10 1 . 9 18 4 . 3 12 40 103 . 44 . . 24 116 172 92 373 116 3 Core Hits 664 | . 25 14 1 . 4 18 4 . 6 14 16 24 . 32 . . 17 46 82 55 252 52 2 Critical Kills 26 | . . . 1 . . . 1 . . . 2 2 . . . . 1 7 10 . . 2 . Critical Parts Destroyed 52 | . . . . . . 1 1 . 1 . 9 9 . . . . 1 15 11 4 . . . Critical Strikes 136 | . . . 1 . . 1 2 . 1 . 15 17 . 1 . . 2 32 23 10 26 5 . Burn 19 | . . . . . . . . . . . . . . . . . . . . . 18 1 . Meltdown 3 | . . . . . . . . . . . . . . . . . . . 2 . . 1 . Destroy 91 | . . . 1 . . 1 2 . 1 . 13 17 . 1 . . 2 29 19 4 . 1 . Blast 16 | . . . . . . . . . . . . . . . . . . . 2 6 6 2 . Corrupt 2 | . . . . . . . . . . . . . . . . . . . . . 2 . . Sever 5 | . . . . . . . . . . . 2 . . . . . . 3 . . . . . Melee Attacks 207 | . . 26 . . 22 6 3 . . 34 8 . . . . . 61 22 . 7 11 5 2 Kinetic 7 | . . . . . . . . . . . . . . . . . . . . . . 5 2 Thermal 2 | . . . . . . . . . . . . . . . . . . . . . 2 . . Impact 26 | . . 26 . . . . . . . . . . . . . . . . . . . . . Slashing 167 | . . . . . 22 6 3 . . 34 8 . . . . . 61 17 . 7 9 . . Piercing 5 | . . . . . . . . . . . . . . . . . . 5 . . . . . Sneak Attacks 5 | . . . . . 1 . . . . . . . . . . . 2 . . . 1 . 1 Combat Hostiles 1 | . . . . . . . . . . . . . . . . . . . . . 1 . . Follow-up Attacks . | . . . . . . . . . . . . . . . . . . . . . . . . Damage Inflicted 39746 | . 1059 525 15 . 157 1478 210 . 329 821 727 866 . 2569 . . 1662 3371 6025 3174 12214 4414 130 Guns 20644 | . 377 23 15 . 61 125 70 . 70 91 413 866 . 500 . . 398 1265 2561 1872 10244 1693 . Cannons 10671 | . 209 . . . 18 . . . . . 70 . . . . . . 1527 3430 1091 1957 2319 50 Explosions 5942 | . 473 471 . . . 1192 140 . 259 430 . . . 2069 . . 717 . . . . 191 . Melee 2396 | . . 31 . . 78 161 . . . 300 244 . . . . . 547 579 . 211 . 211 34 Ramming 93 | . . . . . . . . . . . . . . . . . . . 34 . 13 . 46 Kinetic 12818 | . 258 23 15 . 79 77 22 . 20 60 413 746 . 419 . . 146 2354 3487 1453 1693 1469 84 Thermal 17798 | . 245 . . . . 48 48 . 50 31 70 120 . 81 . . 843 . 2205 1510 9770 2777 . Explosive 4694 | . 437 471 . . . 1192 140 . 259 . . . . 2069 . . 126 . . . . . . Electromagnetic 2192 | . 119 . . . . . . . . 430 . . . . . . . 438 299 . 738 168 . Impact 31 | . . 31 . . . . . . . . . . . . . . . . . . . . . Slashing 2018 | . . . . . 78 161 . . . 300 244 . . . . . 547 477 . 211 . . . Piercing 102 | . . . . . . . . . . . . . . . . . . 102 . . . . . Highest Corruption 66 | . . . 1 . 2 2 2 2 2 1 1 1 1 2 . 10 10 17 13 23 38 61 66 Average Corruption 9 | . . . 1 . 1 2 2 2 2 1 1 1 1 1 . 10 10 13 5 17 16 46 61 Corruption Purged 4 | . . . . . . . . . . 1 . . . . . . . . . . . . 3 Corruption Blocked . | . . . . . . . . . . . . . . . . . . . . . . . . Effects 391 | . . . 4 . 18 12 6 . 8 4 8 8 1 5 . 2 47 68 19 39 60 67 15 Message Errors 83 | . . . . . 4 2 1 . . 1 2 . 1 2 . 1 14 18 5 10 13 7 2 Matter Fused 91 | . . . 3 . 4 4 3 . 4 2 3 3 . 1 . 1 14 12 4 6 15 11 1 Heat Flow Errors 37 | . . . 1 . 4 3 1 . 1 1 1 1 . 1 . . 2 6 4 . 3 5 3 Energy Discharges 38 | . . . . . 1 1 . . 2 . 1 2 . . . . 3 6 1 7 8 5 1 Parts Rejected 7 | . . . . . 1 . . . . . . . . . . . . 2 . 1 1 2 . Parts Fused 5 | . . . . . . . . . . . . . . . . . 1 1 1 . . 2 . Data Loss (minor) 30 | . . . . . . 1 . . . . . . . 1 . . 6 9 1 4 2 6 . Data Loss (major) 21 | . . . . . 3 . . . 1 . 1 1 . . . . 1 5 1 3 2 1 2 Misfires 13 | . . . . . 1 1 1 . . . . 1 . . . . 1 3 . 2 . 2 1 Alerts 5 | . . . . . . . . . . . . . . . . . 2 . 1 . 2 . . Misdirections 15 | . . . . . . . . . . . . . . . . . 2 1 . . 1 8 3 Weapon Failures 46 | . . . . . . . . . . . . . . . . . 1 5 1 6 13 18 2 Overload Shots 2 | . . . . . . . . . . . . 2 . . . . . . . . . . . Overflow Damage 982 | . 26 11 . . 43 109 22 . . 44 . . . 50 . . 183 113 165 42 59 115 . Projectiles 331 | . . . . . . . . . . . . . . . . . . 28 165 26 59 53 . Explosions 370 | . 26 . . . . 109 22 . . 24 . . . 50 . . 85 . . . . 54 . Melee 281 | . . 11 . . 43 . . . . 20 . . . . . . 98 85 . 16 . 8 . Knockbacks 38 | . . . . . . . . . . . . . . . . . . 4 8 7 12 7 . Impact . | . . . . . . . . . . . . . . . . . . . . . . . . Kinetic 33 | . . . . . . . . . . . . . . . . . . 4 6 7 9 7 . Secondary 5 | . . . . . . . . . . . . . . . . . . . 2 . 3 . . Self-Inflicted Damage 482 | . 14 30 . . . . . . . . . . . 60 . . 281 . . . . 74 23 Shots 10 | . 1 2 . . . . . . . . . . . 2 . . 4 . . . . 1 . Rammed 1 | . . . . . . . . . . . . . . . . . . . . . . . 1 Targets Rammed 4 | . . . . . . . . . . . . . . . . . . . 2 . 1 . 1 Kicked 3 | . . . . . . . . . . . . . . . . . . . 2 . 1 . . Crushed . | . . . . . . . . . . . . . . . . . . . . . . . . Highest Temperature 354 | . 258 . 137 . 275 248 206 . 252 247 160 258 . 165 . . 320 279 237 170 354 206 41 Average Temperature 90 | . 62 . 54 . 127 62 83 . 111 73 66 78 . 51 . . 130 50 101 72 109 101 26 Received Heat Transfer 3618 | . 123 99 . . 15 45 . . . 288 . 45 . 117 . . 54 201 389 1270 603 351 18 Effects 6 | . . . . . . . . . 4 . . . . . . . . 1 . . 1 . . Energy Bleed 3 | . . . . . . . . . 1 . . . . . . . . 1 . . 1 . . Interference 3 | . . . . . . . . . 3 . . . . . . . . . . . . . . Siege Activations . | . . . . . . . . . . . . . . . . . . . . . . . . Martial Activations . | . . . . . . . . . . . . . . . . . . . . . . . . Shielding Activations 14 | . . . . . . . . . . . . . . . . . . 7 . . 7 . . Total Turns 339 | . . . . . . . . . . . . . . . . . . 224 . . 115 . . Longest Duration 65 | . . . . . . . . . . . . . . . . . . 65 . . 34 . . Robots Disrupted 1 | . . . . . . . . . . . . . . . . . . . . . 1 . . Combat Hostiles 1 | . . . . . . . . . . . . . . . . . . . . . 1 . . Robots Corrupted 1 | . . . . . . . . . . . . . . . . . . . . . 1 . . Combat Hostiles 1 | . . . . . . . . . . . . . . . . . . . . . 1 . . Parts Fried 9 | . . 2 . . . . . . . 1 . . . . . . . 3 . . 2 1 . Impact Corruptions 2 | . . 1 . . . . . . . . . . . . . . . . . . 1 . . Robots Melted 20 | . . . . . . . . . . . . . . . . . . . 2 1 16 1 . Combat Hostiles 20 | . . . . . . . . . . . . . . . . . . . 2 1 16 1 . Parts Melted 80 | . . . . . . . . . . 1 . . . . . . 2 . 2 9 61 5 . Heat Transferred 28275 | . 494 . . . . 74 74 . 74 37 74 198 . 111 . . 709 . 2183 2296 19150 2801 . Parts Sabotaged 2 | . . . . . . . . . . . . . . . . . . . . . 2 . . Parts Stolen . | . . . . . . . . . . . . . . . . . . . . . . . . Parts Stripped 14 | . . . . . . . . . . . . . . . . . . . . . . 7 7 Power Chain Reactions 2 | . 1 . . . . . . . . . . . . . . . . . . . . 1 . Alert | -11 -10 -10 -8 -8 -6 -6 -6 -6 -5 -5 -5 -5 -5 -4 -4 -4 -4 -4 -3 -3 -2 -2 -2 ------- Run | Yrd Mat Sub Rec Scr Fac Low Low Dat Pro Fac Upp Upp Zhi Pro Fac Was Fac Ext Res Tes Res Qua Frg Maximum Alert Level 4 | . 1 . . . 1 . . . . 1 . . . . . . 2 2 4 3 4 3 2 Low Security (%) 46 | 100 81 . 100 . 63 . . . . 44 . . . . 100 100 84 85 13 . . . . Level 1 14 | . 18 . . . 36 . . . . 55 . . . . . . 9 10 10 . . . . Level 2 9 | . . . . . . . . . . . . . . . . . 5 4 12 . 34 . 100 Level 3 21 | . . . . . . . . . . . . . . . . . . . 34 100 36 100 . Level 4 7 | . . . . . . . . . . . . . . . . . . . 28 . 29 . . Level 5 . | . . . . . . . . . . . . . . . . . . . . . . . . High Security . | . . . . . . . . . . . . . . . . . . . . . . . . Max Security . | . . . . . . . . . . . . . . . . . . . . . . . . Peak Influence 1595 | . 243 . 22 . 297 . . . . 372 . . . . 78 13 412 464 1543 963 1595 974 593 Initial 891 | . . . 17 . . . . . . 300 . . . . 78 13 . 35 159 855 502 891 495 Average 410 | . 126 . 2 . 112 . . . . 181 . . . . 60 5 74 81 822 865 941 894 564 Influence Increases 11797 | . 585 244 45 . 641 230 . . 100 1215 165 180 . 365 . . 1103 1154 2360 605 1935 723 147 Destroy 0b10 Robot/C 5620 | . 300 160 20 . 140 200 . . 80 240 100 120 . 200 . . 140 620 1100 420 1340 440 . Destroy 0b10 Robot/NC 265 | . 25 . . . 15 . . . 10 20 . . . . . . 50 20 35 20 55 5 10 Destroy Leader 976 | . 64 . . . 32 10 . . 10 42 20 30 . 30 . . 44 62 238 62 250 80 2 Allied During Kill 1210 | . . 9 . . 49 5 . . . 29 . . . . . . 23 346 749 . . . . Trap Triggered on 0b10 10 | . . . . . . . . . . 10 . . . . . . . . . . . . . Successful Hack 432 | . 23 . 25 . 64 . . . . 16 . . . . . . 117 15 48 29 20 6 69 Disable Machine 435 | . 45 . . . . . . . . . . . . . . . 285 30 . . 15 60 . Destroy Structure 824 | . 53 . . . 26 . . . . 78 . . . . . . 234 46 130 44 105 87 21 Advance Influence 300 | . . . . . . . . . . 300 . . . . . . . . . . . . . Partial Spotted 180 | . . . . . 30 . . . . . . . . . . . 105 . . . 15 . 30 Lose Combat Pursuer 1545 | . 75 75 . . 285 15 . . . 480 45 30 . 135 . . 105 15 60 30 135 45 15 Influence Decreases 11275 | . 407 385 82 . 407 454 10 . 100 891 477 192 . 240 87 38 1030 924 1142 1232 1243 1429 505 Entered New Map 2712 | . . 86 20 . . 88 2 . . . 121 3 . . 47 25 . 38 144 666 392 695 385 Time Decay 5242 | . 397 249 62 . 284 326 8 . 100 392 346 189 . 240 40 13 351 436 498 326 571 334 80 Search Patrol Dispatched 100 | . . . . . . . . . . 100 . . . . . . . . . . . . . Lost Part 1250 | . 10 10 . . 20 . . . . 20 10 . . . . . 49 101 90 220 280 400 40 Lost Ally 859 | . . 40 . . 50 40 . . . 140 . . . . . . 110 199 260 20 . . . Purge Threat 1112 | . . . . . 53 . . . . 239 . . . . . . 520 150 150 . . . . Squads Dispatched 97 | . 2 . . . 13 . . . . 18 . . . . . . 14 2 15 4 18 8 3 Investigation 34 | . 1 . . . 10 . . . . 9 . . . . . . 7 . 3 . 3 . 1 Extermination 20 | . . . . . 2 . . . . 4 . . . . . . 4 . 2 2 4 2 . Reinforcement 25 | . 1 . . . 1 . . . . 4 . . . . . . 3 2 4 2 2 4 2 Assault 11 | . . . . . . . . . . . . . . . . . . . 4 . 5 2 . Garrison 7 | . . . . . . . . . . 1 . . . . . . . . 2 . 4 . . Intercept . | . . . . . . . . . . . . . . . . . . . . . . . . Searches Triggered 1 | . . . . . . . . . . 1 . . . . . . . . . . . . . Data Miner Redirects 20 | . . . . . . . . . . 5 . . . . . . 3 . 2 . 7 2 1 Construction Impeded 4 | . . . . . . . . . . 1 . . . . . . . 2 1 . . . . Haulers Reinforced 2 | . . . . . . . . . . . . . . . . . . . . 1 1 . . Active Scanning Responses . | . . . . . . . . . . . . . . . . . . . . . . . . Cargo Convoy Interrupts . | . . . . . . . . . . . . . . . . . . . . . . . . Stealth | -11 -10 -10 -8 -8 -6 -6 -6 -6 -5 -5 -5 -5 -5 -4 -4 -4 -4 -4 -3 -3 -2 -2 -2 --------- Run | Yrd Mat Sub Rec Scr Fac Low Low Dat Pro Fac Upp Upp Zhi Pro Fac Was Fac Ext Res Tes Res Qua Frg Distress Signals 28 | . . . . . 1 . . . . 7 . . . . . . 3 2 2 6 6 . 1 Communications Jammed 55 | . . . . . . . . . . . . . . . . . . . . . 17 4 34 Distress Signals 55 | . . . . . . . . . . . . . . . . . . . . . 17 4 34 Times Spotted 516 | . 27 22 1 . 28 15 3 . 2 57 6 7 . 17 . 5 41 40 69 30 97 33 16 Peak Tracking Total 15 | . 5 5 1 . 8 9 2 . 2 15 3 3 . 5 . 5 12 6 8 10 11 5 11 Tactical Retreats 52 | . 2 2 . . 7 2 . . . 10 3 2 . 5 . . 5 1 3 1 6 2 1 ECM-based Alert Blocks 7 | . . . . . . . . . . . . . . . . . 7 . . . . . . Traps | -11 -10 -10 -8 -8 -6 -6 -6 -6 -5 -5 -5 -5 -5 -4 -4 -4 -4 -4 -3 -3 -2 -2 -2 ------- Run | Yrd Mat Sub Rec Scr Fac Low Low Dat Pro Fac Upp Upp Zhi Pro Fac Was Fac Ext Res Tes Res Qua Frg Traps Triggered 15 | . 1 . . . 3 . . . . 2 . . . . 1 . 2 1 2 . . 1 2 Indirectly . | . . . . . . . . . . . . . . . . . . . . . . . . Trap Hack Attempts . | . . . . . . . . . . . . . . . . . . . . . . . . Triggered . | . . . . . . . . . . . . . . . . . . . . . . . . Disarmed . | . . . . . . . . . . . . . . . . . . . . . . . . Reprogrammed 1 | . . . . . . . . . . 1 . . . . . . . . . . . . . Reused 1 | . . . . . . . . . . 1 . . . . . . . . . . . . . Traps Extracted . | . . . . . . . . . . . . . . . . . . . . . . . . Installed . | . . . . . . . . . . . . . . . . . . . . . . . . Triggered 1 | . . . . . . . . . . 1 . . . . . . . . . . . . . Machines | -11 -10 -10 -8 -8 -6 -6 -6 -6 -5 -5 -5 -5 -5 -4 -4 -4 -4 -4 -3 -3 -2 -2 -2 ---------- Run | Yrd Mat Sub Rec Scr Fac Low Low Dat Pro Fac Upp Upp Zhi Pro Fac Was Fac Ext Res Tes Res Qua Frg Machines Disabled 34 | . 3 4 . . . 1 . . . . . . . . . . 19 2 . . 1 4 . Max in Single Turn 14 | . 2 1 . . . 1 . . . . . . . . . . 14 1 . . 1 1 . Garrison Access 9 | . . . . . 3 . . . . 1 . . . . . . 2 . 2 . 1 . . Machines Repaired . | . . . . . . . . . . . . . . . . . . . . . . . . Machines Dismantled . | . . . . . . . . . . . . . . . . . . . . . . . . Machines Sabotaged . | . . . . . . . . . . . . . . . . . . . . . . . . Overloaded Fab Kills . | . . . . . . . . . . . . . . . . . . . . . . . . Hacking | -11 -10 -10 -8 -8 -6 -6 -6 -6 -5 -5 -5 -5 -5 -4 -4 -4 -4 -4 -3 -3 -2 -2 -2 --------- Run | Yrd Mat Sub Rec Scr Fac Low Low Dat Pro Fac Upp Upp Zhi Pro Fac Was Fac Ext Res Tes Res Qua Frg Machines Accessed 137 | . 8 2 8 4 25 2 1 4 . 21 . 1 . . 1 . 23 4 10 5 7 5 6 Terminals 71 | . 7 . 6 . 11 . . . . 10 . . . . 1 . 11 4 8 2 3 4 4 Fabricators 6 | . . . . . 1 . . . . 3 . . . . . . 1 . . 1 . . . Repair Stations 1 | . . . . . 1 . . . . . . . . . . . . . . . . . . Recycling Units 25 | . 1 . 2 . 8 . . . . 5 . . . . . . 7 . . . 2 . . Scanalyzers 9 | . . . . . 1 . . . . 2 . . . . . . 2 . . 1 1 . 2 Garrison Access 11 | . . . . . 3 . . . . 1 . . . . . . 2 . 2 1 1 1 . Total Hacks 375 | . 22 5 22 19 58 2 1 27 . 48 . 1 . . 3 . 74 12 25 14 18 12 12 Successful 243 | . 12 5 11 19 45 2 1 27 . 30 . 1 . . 2 . 53 6 10 4 6 4 5 Failed 131 | . 10 . 11 . 13 . . . . 18 . . . . 1 . 20 6 15 10 12 8 7 Catastrophic 20 | . 1 . 3 . . . . . . 1 . . . . . . 1 . 3 4 5 1 1 Database Lockouts 1 | . . . . . . . . . . . . . . . . . 1 . . . . . . Manual 113 | . 8 . 9 . 23 . . . . 14 . . . . 1 . 30 4 10 . 8 1 5 Terminals 219 | . 21 . 19 . 32 . . . . 28 . . . . 3 . 46 12 23 7 10 10 8 Fabricators 8 | . . . . . 1 . . . . 4 . . . . . . 2 . . 1 . . . Repair Stations 2 | . . . . . 2 . . . . . . . . . . . . . . . . . . Recycling Units 48 | . 1 . 3 . 15 . . . . 8 . . . . . . 16 . . . 5 . . Scanalyzers 24 | . . . . . 2 . . . . 7 . . . . . . 5 . . 5 1 . 4 Garrison Access 19 | . . . . . 6 . . . . 1 . . . . . . 5 . 2 1 2 2 . Terminal Hacks 144 | . 8 5 5 19 19 2 1 27 . 10 . 1 . . 1 . 26 5 5 1 4 4 1 Record 32 | . 1 4 . 12 . . . 11 . . . . . . . . . . . . 1 3 . Part Schematic 15 | . . . 2 . 2 . . 9 . . . . . . . . 2 . . . . . . Robot Schematic 7 | . . . . . 3 . . 4 . . . . . . . . . . . . . . . Robot Analysis 12 | . 1 . 1 7 1 . . . . . . . . . . . 1 . 1 . . . . Prototype ID Bank 4 | . . . 1 . . . . 3 . . . . . . . . . . . . . . . Open Door 5 | . . . . . . 2 1 . . . . 1 . . . . 1 . . . . . . Level Access Points 1 | . 1 . . . . . . . . . . . . . . . . . . . . . . Branch Access Points 4 | . . . . . 1 . . . . . . . . . . . 1 . . . 1 1 . Emergency Access Points 4 | . . . . . . . . . . 1 . . . . . . 2 . . 1 . . . Terminal Index 1 | . . . . . 1 . . . . . . . . . . . . . . . . . . Recycling Unit Index 1 | . . . . . 1 . . . . . . . . . . . . . . . . . . Alert Level 7 | . 1 . . . . . . . . . . . . . 1 . 2 2 . . 1 . . Unreport Threat 9 | . . . . . 1 . . . . 2 . . . . . . 4 1 1 . . . . Locate Traps 16 | . . . . . 3 . . . . 3 . . . . . . 6 2 1 . 1 . . Reprogram Traps 1 | . . . . . . . . . . 1 . . . . . . . . . . . . . Dispatch Records 2 | . 2 . . . . . . . . . . . . . . . . . . . . . . Security Status 2 | . . . . . . . . . . 1 . . . . . . 1 . . . . . . Surveillance Status 1 | . . . . . . . . . . . . . . . . . . . . . . . 1 Recall Investigation 5 | . . . . . 2 . . . . . . . . . . . 3 . . . . . . Recall Reinforcements 1 | . . . . . . . . . . . . . . . . . . . 1 . . . . Recall Assault 1 | . . . . . . . . . . . . . . . . . . . 1 . . . . Registered Components 2 | . . . . . 1 . . . . . . . . . . . 1 . . . . . . Registered Prototypes 2 | . . . . . 1 . . . . . . . . . . . 1 . . . . . . Zone Layout 8 | . 2 . 1 . 2 . . . . 2 . . . . . . 1 . . . . . . Proto ID Catalog 1 | . . 1 . . . . . . . . . . . . . . . . . . . . . Fabricator Hacks 6 | . . . . . 1 . . . . 2 . . . . . . 2 . . 1 . . . Network Status 1 | . . . . . . . . . . . . . . . . . 1 . . . . . . Load Schematic 1 | . . . . . . . . . . . . . . . . . . . . 1 . . . Build 4 | . . . . . 1 . . . . 2 . . . . . . 1 . . . . . . Repair Station Hacks 2 | . . . . . 2 . . . . . . . . . . . . . . . . . . Scan Component 1 | . . . . . 1 . . . . . . . . . . . . . . . . . . Repair 1 | . . . . . 1 . . . . . . . . . . . . . . . . . . Recycling Unit Hacks 20 | . 1 . 3 . 6 . . . . 3 . . . . . . 7 . . . . . . Report Inventory 14 | . 1 . 2 . 4 . . . . 3 . . . . . . 4 . . . . . . Retrieve Components 6 | . . . 1 . 2 . . . . . . . . . . . 3 . . . . . . Scanalyzer 12 | . . . . . 2 . . . . 3 . . . . . . 3 . . 2 . . 2 Insert Component 1 | . . . . . . . . . . 1 . . . . . . . . . . . . . Analyze 1 | . . . . . . . . . . 1 . . . . . . . . . . . . . Retrieve Study 10 | . . . . . 2 . . . . 1 . . . . . . 3 . . 2 . . 2 Garrison Access Hacks 8 | . . . . . 3 . . . . 1 . . . . . . 2 . 2 . . . . Seal Access 8 | . . . . . 3 . . . . 1 . . . . . . 2 . 2 . . . . Unauthorized Hacks 51 | . 3 . 3 . 12 . . . . 11 . . . . 1 . 13 1 3 . 2 . 2 Terminals 30 | . 3 . 3 . 4 . . . . 6 . . . . 1 . 6 1 3 . 1 . 2 Track 1 | . . . . . . . . . . . . . . . . . 1 . . . . . . Assimilate 1 | . . . . . . . . . . . . . . . . . 1 . . . . . . Botnet 27 | . 3 . 3 . 4 . . . . 5 . . . . 1 . 4 1 3 . 1 . 2 Sabotage 1 | . . . . . . . . . . 1 . . . . . . . . . . . . . Fabricators . | . . . . . . . . . . . . . . . . . . . . . . . . Repair Stations . | . . . . . . . . . . . . . . . . . . . . . . . . Recycling Units 21 | . . . . . 8 . . . . 5 . . . . . . 7 . . . 1 . . Fedlink 18 | . . . . . 7 . . . . 4 . . . . . . 6 . . . 1 . . Scrapoids 3 | . . . . . 1 . . . . 1 . . . . . . 1 . . . . . . Scanalyzers . | . . . . . . . . . . . . . . . . . . . . . . . . Garrison Access . | . . . . . . . . . . . . . . . . . . . . . . . . Data Cores Recovered 2 | . 1 . . . . . . . . . . . . . . . . . . 1 . . . Used 1 | . . . . . . . . . . . . . . . . . . . . 1 . . . Hacking Detections 90 | . 7 . 8 . 14 . . . . 14 . . . . 1 . 15 4 8 4 6 3 6 Full Trace Events 11 | . . . 1 . 2 . . . . 2 . . . . . . . . 3 . 2 . 1 Feedback Events 4 | . . . 1 . 3 . . . . . . . . . . . . . . . . . . Corruption 2 | . . . 1 . 1 . . . . . . . . . . . . . . . . . . Hackware Fried 2 | . . . . . 2 . . . . . . . . . . . . . . . . . . Feedback Blocked 2 | . . . . . . . . . . 2 . . . . . . . . . . . . . Robot Schematics Acquired 7 | . . . . . 3 . . 4 . . . . . . . . . . . . . . . Robots Built 5 | . . . . . 1 . . . . 4 . . . . . . . . . . . . . Authchips . | . . . . . . . . . . . . . . . . . . . . . . . . Time 134 | . . . . . 67 . . . . 67 . . . . . . . . . . . . . Total Robot Build Rating 20 | . . . . . 4 . . . . 16 . . . . . . . . . . . . . Part Schematics Acquired 15 | . . . 2 . 2 . . 9 . . . . . . . . 2 . . . . . . Parts Built 4 | . . . . . . . . . . 2 . . . . . . 2 . . . . . . Authchips . | . . . . . . . . . . . . . . . . . . . . . . . . Time 133 | . . . . . . . . . . 69 . . . . . . 64 . . . . . . Total Part Build Rating 34 | . . . . . . . . . . 18 . . . . . . 16 . . . . . . Part Studies Acquired 10 | . . . . . 2 . . . . 1 . . . . . . 3 . . 2 . . 2 Parts Repaired 1 | . . . . . 1 . . . . . . . . . . . . . . . . . . Time 50 | . . . . . 50 . . . . . . . . . . . . . . . . . . Parts Recycled . | . . . . . . . . . . . . . . . . . . . . . . . . Recycled Matter . | . . . . . . . . . . . . . . . . . . . . . . . . Retrieved Matter . | . . . . . . . . . . . . . . . . . . . . . . . . Retrieved Components 14 | . . . 4 . 5 . . . . . . . . . . . 5 . . . . . . Parts Scanalyzed 1 | . . . . . . . . . . 1 . . . . . . . . . . . . . Part Schematics Acquired . | . . . . . . . . . . . . . . . . . . . . . . . . Parts Damaged . | . . . . . . . . . . . . . . . . . . . . . . . . Bothacking | -11 -10 -10 -8 -8 -6 -6 -6 -6 -5 -5 -5 -5 -5 -4 -4 -4 -4 -4 -3 -3 -2 -2 -2 ------------ Run | Yrd Mat Sub Rec Scr Fac Low Low Dat Pro Fac Upp Upp Zhi Pro Fac Was Fac Ext Res Tes Res Qua Frg Used RIF Installer . | . . . . . . . . . . . . . . . . . . . . . . . . Robots Hacked . | . . . . . . . . . . . . . . . . . . . . . . . . Non-combat . | . . . . . . . . . . . . . . . . . . . . . . . . Combat . | . . . . . . . . . . . . . . . . . . . . . . . . Robot Hacks Applied . | . . . . . . . . . . . . . . . . . . . . . . . . Relay Couplers Released 6 | . . . . . . . . . . . . . . . . . . . . . 6 . . Machine Destruction 2 | . . . . . . . . . . . . . . . . . . . . . 2 . . Programmers 4 | . . . . . . . . . . . . . . . . . . . . . 4 . . Fabnet Peak Effective % . | . . . . . . . . . . . . . . . . . . . . . . . . Robots Rewired 20 | . . . . . . 2 . . . . . . . . . . . 18 . . . . . Allies Hacked 7 | . . . . . 1 . . . . 2 . . . . . . 1 . 3 . . . . Hacks Repelled . | . . . . . . . . . . . . . . . . . . . . . . . . Allies | -11 -10 -10 -8 -8 -6 -6 -6 -6 -5 -5 -5 -5 -5 -4 -4 -4 -4 -4 -3 -3 -2 -2 -2 -------- Run | Yrd Mat Sub Rec Scr Fac Low Low Dat Pro Fac Upp Upp Zhi Pro Fac Was Fac Ext Res Tes Res Qua Frg Total Allies 77 | . . 9 . . 6 2 . . 2 14 . . . . . . 9 29 6 . . . . Largest Group 17 | . . 6 . . 5 2 . . 2 4 . . . . . . 5 17 17 . . . . Highest-Rated Group 848 | . . 114 . . 146 61 . . 162 243 . . . . . . 243 805 848 . . . . Highest-Rated Ally 159 | . . 19 . . 40 32 . . 81 81 . . . . . . 81 159 81 . . . . Total Orders 3 | . . . . . 1 . . . . . . . . . . . . . . 2 . . . ROAM 1 | . . . . . 1 . . . . . . . . . . . . . . . . . . EXPLORE 2 | . . . . . . . . . . . . . . . . . . . . 2 . . . Ally Attacks 488 | . . 51 . . 59 10 . . . 67 . . . . . . 31 106 164 . . . . Total Damage 11105 | . . 860 . . 1030 214 . . . 1440 . . . . . . 512 3170 3879 . . . . Kills 73 | . . 8 . . 8 1 . . . 8 . . . . . . 3 16 29 . . . . Allies Corrupted 2 | . . . . . . . . . . . . . . . . . . 1 1 . . . . Allies Melted 1 | . . . . . . . . . . 1 . . . . . . . . . . . . . Intel | -11 -10 -10 -8 -8 -6 -6 -6 -6 -5 -5 -5 -5 -5 -4 -4 -4 -4 -4 -3 -3 -2 -2 -2 ------- Run | Yrd Mat Sub Rec Scr Fac Low Low Dat Pro Fac Upp Upp Zhi Pro Fac Was Fac Ext Res Tes Res Qua Frg Active Infowar (turns) 13302 | . . 511 . . 1477 730 481 35 501 998 927 836 57 597 88 52 1322 1266 1251 192 1579 232 170 Optics 6830 | . . . . . 1135 730 481 35 489 998 927 836 57 597 88 52 405 . . . . . . Sensors 11826 | . . 344 . . 1477 728 481 35 501 998 927 836 55 597 88 52 1322 694 1251 192 1248 . . Terrain 461 | . . . . . . . . . . . . . . . . . . . . . 461 . . Structural 572 | . . . . . . . . . . . . . . . . . . 572 . . . . . Seismic 167 | . . 167 . . . . . . . . . . . . . . . . . . . . . Cloaking 808 | . . . . . 697 . 37 . . 74 . . . . . . . . . . . . . Jamming 733 | . . . . . . . . . . . . . . . . . . . . . 331 232 170 ECM 171 | . . . . . . . . . . . . . . . 2 . 169 . . . . . . Robot Analysis Total 12 | . 1 . 1 7 1 . . . . . . . . . . . 1 . 1 . . . . Derelict Logs Recovered 9 | . . . . . . 1 2 . 2 . 1 1 . 2 . . . . . . . . . Drone Launches 2 | . . . . . . . . . . . . . . . . . . . . 2 . . . Drone Recoveries . | . . . . . . . . . . . . . . . . . . . . . . . . Exploration | -11 -10 -10 -8 -8 -6 -6 -6 -6 -5 -5 -5 -5 -5 -4 -4 -4 -4 -4 -3 -3 -2 -2 -2 ------------- Run | Yrd Mat Sub Rec Scr Fac Low Low Dat Pro Fac Upp Upp Zhi Pro Fac Was Fac Ext Res Tes Res Qua Frg Turns Passed 19016 | 34 1051 1813 527 1299 1481 730 481 35 501 998 927 836 57 597 88 52 1322 1490 1324 732 1728 743 170 Spaces Moved 22213 | 28 861 1577 493 1216 2687 1275 1020 86 1129 1819 1494 1139 119 1065 119 117 2269 745 837 429 851 540 298 Core 4 | 4 . . . . . . . . . . . . . . . . . . . . . . . Treads . | . . . . . . . . . . . . . . . . . . . . . . . . Legs 2893 | . . . . . . . . . . . . . . . . . . 598 837 429 851 178 . Wheels 4171 | 24 861 1577 493 1216 . . . . . . . . . . . . . . . . . . . Hover 746 | . . . . . . . . . . . . . . . . . 86 . . . . 362 298 Flight 14399 | . . . . . 2687 1275 1020 86 1129 1819 1494 1139 119 1065 119 117 2183 147 . . . . . Fastest Speed 37 | 50 80 80 90 105 40 40 40 40 40 40 40 40 40 40 40 40 37 37 105 108 112 44 44 Average Speed 60 | 92 86 90 98 105 40 40 40 40 40 40 40 40 40 40 40 40 38 103 107 115 123 68 44 Slowest Speed 315 | 100 100 110 105 105 40 40 40 40 40 40 40 40 40 40 40 40 60 315 116 140 200 130 48 Overloaded Moves . | . . . . . . . . . . . . . . . . . . . . . . . . Propulsion Burnouts . | . . . . . . . . . . . . . . . . . . . . . . . . Robots Hopped 72 | . . . . . 26 1 . . 1 11 . 1 . . 1 . 30 1 . . . . . Potential Cave-ins 2 | . . . . . . 2 . . . . . . . . . . . . . . . . . Cave-ins Triggered 1 | . . . . . . . . . . . . . . . . . . 1 . . . . . Teleports 1 | . . . . . . . . . . . . . . . . . . . . . . 1 . Exploration Rate (%) 61 | 3 91 52 67 86 59 74 98 73 94 59 92 79 57 76 5 78 56 78 34 57 34 62 12 Regions Visited 23 Branch Regions 15 Pre-discovered Areas 6 | . . . . . 1 1 2 1 . . . . . 1 . . . . . . . . . Known Exits Taken 14 | . . . . . 1 1 1 1 1 1 1 1 1 1 . . 1 1 1 . 1 . . Unknown Exits Taken 7 | 1 1 1 1 1 . . . . . . . . . . . . . . . 1 . 1 . Scrap Searched 25 | . . 3 . 5 . 5 4 . 3 . 2 2 . 1 . . . . . . . . . Spaces Dug 328 | . 6 107 . . 21 56 35 . 13 26 5 . . . . . 37 . 3 3 13 . 3 Terrain Destroyed 966 | . 61 158 . . 21 112 36 . 34 26 10 14 . 192 . . 114 30 60 22 33 36 7 Melee 97 | . . 3 . . 21 . 2 . . 24 . . . . . . 37 . . 1 9 . . Projectile 193 | . . . . . . . 1 . . 2 5 5 . 9 . . 2 29 56 21 24 32 7 AOE 656 | . 61 155 . . . 112 33 . 34 . . . . 182 . . 75 . . . . 4 . Terrain Rammed . | . . . . . . . . . . . . . . . . . . . . . . . . Walls Destroyed . | . . . . . . . . . . . . . . . . . . . . . . . . Machines Disabled . | . . . . . . . . . . . . . . . . . . . . . . . . Actions | -11 -10 -10 -8 -8 -6 -6 -6 -6 -5 -5 -5 -5 -5 -4 -4 -4 -4 -4 -3 -3 -2 -2 -2 --------- Run | Yrd Mat Sub Rec Scr Fac Low Low Dat Pro Fac Upp Upp Zhi Pro Fac Was Fac Ext Res Tes Res Qua Frg Total 26053 | 33 1051 1894 532 1241 3023 1446 1076 85 1159 2011 1754 1379 129 1153 158 121 2595 1267 1076 558 1197 795 320 Wait 2016 | . 86 233 12 6 260 117 36 . 20 140 198 130 . 36 39 5 239 269 49 10 85 42 4 Move 22054 | 27 860 1576 492 1215 2636 1272 1019 85 1126 1796 1493 1136 118 1064 117 116 2213 742 836 428 850 539 298 Hop 65 | . . . . . 24 1 . . 1 11 . 1 . . 1 . 25 1 . . . . . Pick Up 132 | . 13 5 8 6 9 2 1 . . 2 2 . 4 1 . . 14 17 9 9 21 8 1 Fast Attach 199 | 6 5 1 4 3 16 3 6 . 1 7 5 2 2 . 1 . 7 24 19 25 23 34 5 Attach 72 | . 1 2 . . 8 . . . . . . . . . . . 2 13 7 6 18 15 . Detach 18 | . . . . . 1 . . . . 1 . . . . . . 1 3 1 3 1 7 . Swap 80 | . 7 12 7 1 2 5 2 . 2 . . . . 4 . . 4 6 13 4 7 4 . Drop 181 | . 12 5 8 10 19 4 4 . 1 7 5 1 5 1 . . 11 21 31 10 15 11 . Fire 933 | . 67 34 1 . 9 30 5 . 8 13 43 109 . 47 . . 18 80 109 56 165 130 9 Melee 207 | . . 26 . . 22 6 3 . . 34 8 . . . . . 61 22 . 7 11 5 2 Ram 1 | . . . . . . . . . . . . . . . . . . . . . . . 1 Kick 3 | . . . . . . . . . . . . . . . . . . . 2 . 1 . . Crush . | . . . . . . . . . . . . . . . . . . . . . . . . Escape Stasis 15 | . . . . . 15 . . . . . . . . . . . . . . . . . . Rewire 75 | . . . . . . 6 . . . . . . . . . . . 69 . . . . . Trap . | . . . . . . . . . . . . . . . . . . . . . . . . Miscellaneous 2 | . . . . . 2 . . . . . . . . . . . . . . . . . . Route ------- -11/Scrapyard -10/Materials (discovered 6 exits: *Mat x3 / [*Min x2] / *Sub) -10/Subcaves (discovered 2 exits: *Mat / *Rec) -8/Recycling (discovered 2 exits: *Fac / *Scr) -8/Scraptown (discovered 2 exits: *Fac x2) -6/Factory (discovered 4 exits: *Fac x2 / *Low x2) -6/Lower Caves -6/Lower Caves (discovered 2 exits: *Fac / *Dat) -6/Data Miner -5/Proximity Caves -5/Factory (discovered 3 exits: *Fac x2 / *Upp) -5/Upper Caves -5/Upper Caves (discovered 2 exits: *Fac / *Zhi) -5/Zhirov -4/Proximity Caves -4/Factory -4/Waste -4/Factory (discovered 7 exits: *Res x2 / *Upp x2 / *Ext x2 / Arm) -4/Extension (discovered 2 exits: *Res / *Cet) -3/Research (discovered 2 exits: *Tes x2) -3/Testing -2/Research (discovered 2 exits: *Qua x2) -2/Quarantine (discovered 3 exits: [*Acc] / [*Sec] / *Frg) -2/Protoforge History --------- Turn | Location | Event 7 | -11/Scrapyard | Discovered new exit (range 15) 35 | -11/Scrapyard | Entered Materials 335 | -10/Materials | Build established: Mutant 417 | -10/Materials | Discovered new exit (range 4) 555 | -10/Materials | Discovered new exit (range 6) 661 | -10/Materials | Discovered new exit (range 11) 818 | -10/Materials | Discovered new exit (range 10) 830 | -10/Materials | Identified exit to Materials 1075 | -10/Materials | Discovered new exit (range 12) 1086 | -10/Materials | Entered Subcaves 1094 | -10/Subcaves | Ambushed by Subdwellers from Twisted Machinery 1095 | -10/Subcaves | Core integrity fell below 50% 1173 | -10/Subcaves | Shifting Twisted Machinery released Mak. Hammer 1188 | -10/Subcaves | A Subdweller sparked back to life 1216 | -10/Subcaves | Shifting Twisted Machinery released Multitool 1225 | -10/Subcaves | Found Prototype Flight Unit 1254 | -10/Subcaves | A swath of the cavern ceiling suddenly collapsed 1263 | -10/Subcaves | Visited triangular shrine 1269 | -10/Subcaves | Found Prototype Device 1269 | -10/Subcaves | Identified V3-11A's Pendant 1274 | -10/Subcaves | Befriended Subdweller 1602 | -10/Subcaves | Befriended Subdweller 1602 | -10/Subcaves | Befriended Subdweller 1634 | -10/Subcaves | Discovered new exit (range 3) 1932 | -10/Subcaves | Visited Clippyterm 1934 | -10/Subcaves | Learned Factory emergency access door positions 1934 | -10/Subcaves | Learned Factory stockpile data 1990 | -10/Subcaves | Befriended Subdweller 1990 | -10/Subcaves | Befriended Subdweller 1994 | -10/Subcaves | Discovered new exit (range 7) 2002 | -10/Subcaves | Identified exit to Materials 2217 | -10/Subcaves | Ambushed by Subdweller buried in earth 2228 | -10/Subcaves | Ambushed by Subdweller buried in earth 2252 | -10/Subcaves | Ambushed by Subdweller buried in earth 2253 | -10/Subcaves | Core integrity fell below 20% 2255 | -10/Subcaves | Befriended Subdweller 2360 | -10/Subcaves | Befriended Subdweller 2389 | -10/Subcaves | Ambushed by Subdweller buried in earth 2390 | -10/Subcaves | Befriended Subdweller 2395 | -10/Subcaves | Befriended Subdweller 2634 | -10/Subcaves | Visited 4L-MR0's lab 2638 | -10/Subcaves | Identified Flightbrick 2645 | -10/Subcaves | Found Rainbow Chip 2899 | -10/Subcaves | Entered Recycling 2905 | -8/Recycling | Lost 6 allies 3066 | -8/Recycling | Discovered new exit (range 11) 3401 | -8/Recycling | Scanned before Scraplab entrance 3416 | -8/Recycling | Entered Scraplab 3424 | -8/Recycling | Discovered new exit (range 2) 3426 | -8/Recycling | Entered Scraptown 3426 | -8/Scraptown | System corruption cleaned by C-Scrubber 3504 | -8/Scraptown | Delivered V3-11A's Pendant to T0-NE2 in exchange for information 3681 | -8/Scraptown | Discovered new exit (range 13) 3726 | -8/Scraptown | Visited Assassins FH 3739 | -8/Scraptown | Visited SPCMW 3757 | -8/Scraptown | Visited Red Mages 3933 | -8/Scraptown | Visited Symbiants 3948 | -8/Scraptown | Visited IN-MT5's Study 3991 | -8/Scraptown | Visited CPS Storage 4011 | -8/Scraptown | Visited Comm Corps 4061 | -8/Scraptown | Visited UFD Registry 4061 | -8/Scraptown | Registered with UFD as "Protonroller" 4099 | -8/Scraptown | Visited A0-MCA Data Center 4106 | -8/Scraptown | Given a B rating by A0-MCA 4111 | -8/Scraptown | Found A0-MCA's Component Scanner 4132 | -8/Scraptown | Visited Botcube Research 4144 | -8/Scraptown | Found Lrg. Botcube 4162 | -8/Scraptown | Visited Curators Association 4180 | -8/Scraptown | Visited DA-N13 Charitable Foundation 4185 | -8/Scraptown | Found DCF Scrap (30 items) 4224 | -8/Scraptown | Visited Analyses Database 4247 | -8/Scraptown | Visited Junk Repository 4271 | -8/Scraptown | Visited Observation Area 4319 | -8/Scraptown | Visited Infowarlord's Domain 4346 | -8/Scraptown | Found Exp. Sensor Array 4370 | -8/Scraptown | Visited Chapter 10 4404 | -8/Scraptown | Visited Modified Component R&D 4653 | -8/Scraptown | Met Optimus 4653 | -8/Scraptown | Accepted into 0bPrime 4719 | -8/Scraptown | Discovered new exit (range 5) 4725 | -8/Scraptown | Civil war broke out across Scraptown 4725 | -8/Scraptown | Entered Factory 4725 | -6/Factory | Evolved 8 slots: Propulsion x2, Utility x5, Weapon x1 4728 | -6/Factory | Attached Flightbrick, gained temporary slots: Utility x3 4729 | -6/Factory | Attached Rainbow Chip, gained temporary slots: Power, Propulsion, Utility, Weapon 4915 | -6/Factory | Fabricated I-36 Angel? 4956 | -6/Factory | Loaded intel: 8 recycling unit locations 5002 | -6/Factory | Hacking Suite fried by hacking feedback 5002 | -6/Factory | Hacking Suite fried by hacking feedback 5005 | -6/Factory | Learned location of Protoforge (-2) 5189 | -6/Factory | Discovered new exit (range 8) 5300 | -6/Factory | Repaired Cloaking Device 5512 | -6/Factory | Identified exit to Lower Caves 5595 | -6/Factory | Scrapoid reinforcements arrived 5605 | -6/Factory | Build established: Hacker-Ninja 5738 | -6/Factory | Discovered new exit (range 7) 5741 | -6/Factory | Identified exit to Factory 5786 | -6/Factory | Lost 3 allies 6058 | -6/Factory | Build established: Hacker-Scout 6206 | -6/Factory | Entered Lower Caves 6217 | -6/Lower Caves | Encountered a Warlord checkpoint 6270 | -6/Lower Caves | Attracted the attention of an 0b10 outpost 6324 | -6/Lower Caves | Destroyed 7 combat bots 6640 | -6/Lower Caves | Attacked by a delusional Derelict stockpiling parts 6838 | -6/Lower Caves | Spotted B-75 Beast 6896 | -6/Lower Caves | Discovered new exit (range 7) 6898 | -6/Lower Caves | Identified exit to Lower Caves 6936 | -6/Lower Caves | Entered another Lower Caves area 6994 | -6/Lower Caves | Prototype Device suddenly appears! 6997 | -6/Lower Caves | Found Amulet of Y3-NDR 7036 | -6/Lower Caves | Discovered new exit (range 19) 7043 | -6/Lower Caves | Identified exit to Data Miner 7051 | -6/Lower Caves | Found Alien Artifact 7051 | -6/Lower Caves | Identified Core Expander 7051 | -6/Lower Caves | Installed Core Expander, added new Utility slot 7276 | -6/Lower Caves | Learned location of Extension (-4) 7290 | -6/Lower Caves | Discovered exit to Factory (range 19) 7417 | -6/Lower Caves | Entered Data Miner 7417 | -6/Data Miner | Discovered new exit (range 6) 7421 | -6/Data Miner | Identified exit to Proximity Caves 7425 | -6/Data Miner | Met Data Miner 7433 | -6/Data Miner | Learned location of Section 7 (-2) 7433 | -6/Data Miner | Acquired the access code to Warlord's prototype stash 7440 | -6/Data Miner | Received God Mode back door access code from Data Miner 7452 | -6/Data Miner | Entered Proximity Caves 7456 | -5/Proximity Caves | Spotter reported a threat 7457 | -5/Proximity Caves | Spotter reported a threat 7470 | -5/Proximity Caves | Build established: Hacker-Ninja 7713 | -5/Proximity Caves | Joined by bewildered Wizard 7713 | -5/Proximity Caves | Joined by bewildered Wizard 7715 | -5/Proximity Caves | Learned 8 Factory zone layouts 7913 | -5/Proximity Caves | Discovered exit to Factory (range 8) 7915 | -5/Proximity Caves | Learned 8 Factory zone layouts 7953 | -5/Proximity Caves | Entered Factory 7953 | -5/Factory | Evolved 2 slots: Utility x1, Weapon x1 7954 | -5/Factory | Identified exit to Upper Caves 7954 | -5/Factory | Identified exit to Factory 8261 | -5/Factory | Scrapoids reinforcements arrived? 8271 | -5/Factory | Incoming investigation squad redirected 8303 | -5/Factory | Fabricated Lgt. Quantum Reactor (x2) 8317 | -5/Factory | Lost 4 allies 8376 | -5/Factory | Loaded intel: 7 recycling unit locations 8553 | -5/Factory | Search patrols dispatched 8565 | -5/Factory | Build established: Hacker-Scout 8703 | -5/Factory | Incoming investigation squad redirected 8731 | -5/Factory | Incoming investigation squad redirected 8743 | -5/Factory | Incoming investigation squad redirected 8803 | -5/Factory | Fabricated S-27 Virus? 8902 | -5/Factory | Incoming investigation squad redirected 8910 | -5/Factory | Garrison activated, responded to threat 8951 | -5/Factory | Entered Upper Caves 9027 | -5/Upper Caves | Found DCF Scrap (11 items) 9156 | -5/Upper Caves | Encountered a Warlord checkpoint 9162 | -5/Upper Caves | Learned Factory terminal intel 9491 | -5/Upper Caves | Discovered new exit (range 11) 9495 | -5/Upper Caves | Identified exit to Upper Caves 9514 | -5/Upper Caves | Spotted B-75 Beast 9829 | -5/Upper Caves | Destroyed B-75 Beast 9878 | -5/Upper Caves | Entered another Upper Caves area 9901 | -5/Upper Caves | Discovered exit to Factory (range 8) 10282 | -5/Upper Caves | Spotted B-75 Beast 10534 | -5/Upper Caves | Destroyed B-75 Beast 10590 | -5/Upper Caves | Discovered new exit (range 16) 10595 | -5/Upper Caves | Identified exit to Zhirov 10648 | -5/Upper Caves | Learned Factory emergency access door positions 10714 | -5/Upper Caves | Entered Zhirov 10714 | -5/Zhirov | Discovered new exit (range 3) 10722 | -5/Zhirov | Met Zhirov 10731 | -5/Zhirov | Found Alien Artifact 10731 | -5/Zhirov | Identified Integrated Reactor 10731 | -5/Zhirov | Installed Integrated Reactor, increased core energy generation (+10) 10771 | -5/Zhirov | Identified exit to Proximity Caves 10771 | -5/Zhirov | Entered Proximity Caves 10796 | -4/Proximity Caves | Attracted the attention of an 0b10 checkpoint 10827 | -4/Proximity Caves | Learned location of Testing (-3) 11042 | -4/Proximity Caves | Learned Research terminal intel 11238 | -4/Proximity Caves | Discovered exit to Factory (range 10) 11368 | -4/Proximity Caves | Entered Factory 11368 | -4/Factory | Evolved 2 slots: Power x1, Utility x1 11370 | -4/Factory | Loaded intel: 28 terminal locations 11456 | -4/Factory | Sucked down chute 11456 | -4/Factory | Entered Waste 11459 | -4/Waste | Spotted C-40 Crusher 11462 | -4/Waste | Spotted C-40 Crusher 11469 | -4/Waste | Spotted C-40 Crusher 11471 | -4/Waste | EMP discharged 11471 | -4/Waste | System corruption reached 10% 11473 | -4/Waste | Spotted C-40 Crusher 11473 | -4/Waste | Spotted C-40 Crusher 11474 | -4/Waste | Spotted C-40 Crusher 11503 | -4/Waste | Discovered new exit (range 12) 11508 | -4/Waste | Identified exit to Factory 11508 | -4/Waste | Entered Factory 11562 | -4/Factory | Loaded intel: 8 recycling unit locations 11580 | -4/Factory | Identified exit to Upper Caves 11580 | -4/Factory | Identified exit to Extension 11580 | -4/Factory | Identified exit to Armory 11626 | -4/Factory | Incoming investigation squad redirected 11769 | -4/Factory | Build established: Hacker-Ninja 11802 | -4/Factory | Joined by bewildered Wizard 11802 | -4/Factory | Joined by bewildered Wizard 11802 | -4/Factory | Joined by bewildered Wizard 11833 | -4/Factory | Found Quantum Capacitor 12226 | -4/Factory | Build established: Hacker-Mutant 12367 | -4/Factory | Scrapoids reinforcements arrived? 12368 | -4/Factory | Incoming investigation squad redirected 12483 | -4/Factory | Discovered new exit (range 15) 12499 | -4/Factory | Identified exit to Research 12602 | -4/Factory | Fabricated Adv. Force Field? 12740 | -4/Factory | Discovered exit to Research (range 7) 12750 | -4/Factory | Central database locked down 12786 | -4/Factory | Incoming investigation squad redirected 12830 | -4/Factory | Entered Extension 12833 | -4/Extension | Lost 3 parts (1p1n1u) 12906 | -4/Extension | Disrupted transfer network 13182 | -4/Extension | Rescued a captive Derelict 13298 | -4/Extension | Build established: Hacker-Skirmisher 13359 | -4/Extension | Lost 3 allies 13442 | -4/Extension | Spotted B-86 Titan 13504 | -4/Extension | Spotted B-86 Titan 13524 | -4/Extension | Crushed by falling debris 13548 | -4/Extension | Lost 5 allies 13555 | -4/Extension | Lost 3 parts (2u1w) 13645 | -4/Extension | Destroyed B-86 Titan 13810 | -4/Extension | Lost 7 parts (4n2u1w) 13833 | -4/Extension | Build established: Scavenger-Tank 13940 | -4/Extension | Rescued a captive Derelict 14021 | -4/Extension | Rescued a captive Derelict 14021 | -4/Extension | Rescued a captive Derelict 14034 | -4/Extension | Rescued a captive Derelict 14035 | -4/Extension | Rescued a captive Derelict 14109 | -4/Extension | Rescued A7 14180 | -4/Extension | Rescued a captive Derelict 14181 | -4/Extension | Rescued a captive Derelict 14193 | -4/Extension | Rescued a captive Derelict 14194 | -4/Extension | Rescued a captive Derelict 14236 | -4/Extension | Discovered exit to Research (range 10) 14237 | -4/Extension | Discovered new exit (range 6) 14249 | -4/Extension | Identified exit to Cetus 14320 | -4/Extension | Entered Research 14320 | -3/Research | Accompanied by 17 allies (A7) 14320 | -3/Research | Evolved 2 slots: Propulsion x1, Utility x1 14321 | -3/Research | Loaded intel: 22 terminal locations 14437 | -3/Research | Incoming investigation squad redirected 14612 | -3/Research | Garrison activated, responded to threat 14662 | -3/Research | Lost 3 allies 14669 | -3/Research | Joined by bewildered Wizard 14670 | -3/Research | Joined by bewildered Wizard 14706 | -3/Research | Spotted B-86 Titan 14715 | -3/Research | Joined by bewildered Wizard 14716 | -3/Research | Joined by bewildered Wizard 14718 | -3/Research | Destroyed B-86 Titan 14734 | -3/Research | Joined by bewildered Wizard 14735 | -3/Research | Joined by bewildered Wizard 14739 | -3/Research | Lost 3 allies 14913 | -3/Research | Discovered new exit (range 9) 14964 | -3/Research | Identified exit to Testing 14982 | -3/Research | Lost 3 allies 15070 | -3/Research | First assault squad dispatched 15097 | -3/Research | Garrison activated, responded to threat 15188 | -3/Research | Build established: Scavenger-Skirmisher 15458 | -3/Research | System corruption reached 10% 15551 | -3/Research | Destroyed 10 combat bots 15595 | -3/Research | Incoming assault squad redirected 15607 | -3/Research | Discovered exit to Testing (range 5) 15644 | -3/Research | Entered Testing 15901 | -3/Testing | Lost 9 parts (2p5n1u1w) 15918 | -3/Testing | Destroyed 9 combat bots 16067 | -3/Testing | Lost 10 parts (2p1n4u3w) 16282 | -3/Testing | Found Centrium Heavy Armor Plating 16340 | -3/Testing | Build established: Scavenger-Gunner 16348 | -3/Testing | Discovered new exit (range 6) 16376 | -3/Testing | Entered Research 16376 | -2/Research | Evolved 2 slots: Utility x1, Weapon x1 16649 | -2/Research | Identified exit to Quarantine 16674 | -2/Research | Spotted B-90 Cyclops 16728 | -2/Research | Destroyed B-90 Cyclops 16807 | -2/Research | Destroyed 7 combat bots 16853 | -2/Research | Incoming investigation squad redirected 16876 | -2/Research | First assault squad dispatched 17033 | -2/Research | Loaded intel: 5 recycling unit locations 17061 | -2/Research | Incoming investigation squad redirected 17077 | -2/Research | Garrison activated, responded to threat 17130 | -2/Research | Destroyed 8 combat bots 17132 | -2/Research | Lost 3 parts (2n1w) 17199 | -2/Research | Build established: Scavenger-Skirmisher 17258 | -2/Research | System corruption reached 10% 17331 | -2/Research | Destroyed 7 combat bots 17381 | -2/Research | Incoming assault squad redirected 17386 | -2/Research | Incoming assault squad redirected 17402 | -2/Research | Incoming assault squad redirected 17403 | -2/Research | Incoming investigation squad redirected 17438 | -2/Research | Lost 6 parts (1p2n2u1w) 17653 | -2/Research | Incoming assault squad redirected 17658 | -2/Research | Destroyed 9 combat bots 17716 | -2/Research | System corruption reached 30% 17748 | -2/Research | Garrison activated, responded to threat 17755 | -2/Research | Lost 8 parts (1p5u2w) 18104 | -2/Research | Entered Quarantine 18119 | -2/Quarantine | Scanned by Researcher 18128 | -2/Quarantine | Found Alien Impact Weapon 18136 | -2/Quarantine | Identified Core Stripper 18160 | -2/Quarantine | Core integrity fell below 50% 18208 | -2/Quarantine | Build established: Scavenger-Gunner 18279 | -2/Quarantine | Cryocooling Duct disabled 18294 | -2/Quarantine | Ambient heat levels rising (+20) 18294 | -2/Quarantine | Non-combat units ordered to evacuate 18321 | -2/Quarantine | Lost 14 parts (3p2n4u5w) 18347 | -2/Quarantine | Found Alien Artifact 18347 | -2/Quarantine | Identified Subatomic Replicator 18354 | -2/Quarantine | First assault squad dispatched 18378 | -2/Quarantine | Incoming assault squad redirected 18431 | -2/Quarantine | Incoming assault squad redirected 18534 | -2/Quarantine | Core integrity fell below 20% 18596 | -2/Quarantine | Lost 22 parts (2p7n9u4w) 18643 | -2/Quarantine | Found Alien Artifact 18649 | -2/Quarantine | Identified Hpw. Transdimensional Reconstructor 18649 | -2/Quarantine | Warped through subspace 18683 | -2/Quarantine | Discovered new exit (range 13) 18806 | -2/Quarantine | Spotted Fortress 18844 | -2/Quarantine | Discovered new exit (range 6) 18844 | -2/Quarantine | Discovered new exit (range 7) 18847 | -2/Quarantine | Entered Protoforge 18856 | -2/Protoforge | Superfortress began startup sequence 18860 | -2/Protoforge | Build established: Scavenger-Mutant 18869 | -2/Protoforge | Spotted Hotshot 18869 | -2/Protoforge | Spotted Hotshot 18881 | -2/Protoforge | Spotted B-90 Cyclops 18932 | -2/Protoforge | Spotted Hotshot 18939 | -2/Protoforge | Incoming investigation squad redirected 18964 | -2/Protoforge | Spotted Hotshot 19017 | -2/Protoforge | Destroyed by P-80 Master with Gamma Rifle Last Messages --------------- 18979_ Imp. System Restoration Module expended. 18980_ System corrupted: Heat flow error (+177). 18980_ Penetrated by Slug. 18980_ Slug penetrates Wall. 18982_ Penetrated by Slug. 18983_ W-44 Eye distress signal jammed. 18993_ Penetrated by Slug. 18993_ Imp. Antigrav System+ destroyed. 18993_ Slug penetrates Wall. 18994_ W-44 Eye distress signal jammed. 18995_ D/|DXJGTTPNO1X:/ 19005_ Mic. Antimatter Reactor destroyed. 19010_ System corrupted: Substantial component data lost. 19010_ Slammed into W-44 Eye. 19010_ Imp. Hacking Suite destroyed. 19010_ System corrupted by crushing effect (+5). 19012_ W-44 Eye distress signal jammed. Map ----- +----------------------------------------------------+ | ?????????????????????????????????????????????????? | | ?????????????????????????????????????????????????? | | ?????????????????????????????????????????????????? | | ?????????????????????????????????????????????????? | | ?????????????????????????????????????????????????? | | ?????????????????????????????????????????????????? | | ?????????????????????????????????????????????????? | | ?????????????????????????????????????????????????? | | ?????????????????????????????????????????????????? | | ?????????????????????????????????????????????????? | | ?????????????????????????????????????????????????? | | ?????????????????????????????????????????????????? | | ?????????????????????????????????????????????????? | | ?????????????????????????????????????????????????? | | ?????????????????????????????????????????????????? | | ?????????????????????????????????????????????????? | | ?????????????????????????????????????????????????? | | ?????????????????????????????????????????####????? | | ????????????????????????????????????????? ?????? | | ???????????????????????????????????????? ??????? | | ???????????????????????????????????????? ???????? | | ??????????????????????????????????????? #???????? | | ??????????????????????????????????????? #???????? | | ?????????????????????????????????????? #???????? | | ????????????????####+################# +???????? | | ????????????????# @ #???????? | | ????????????????+ #???????? | | ????????????????# n w p #???????? | | ????????????????# ##############p##### #???????? | | ????????????????# ?????????????# #??????????? | | ????????????????? ???????????# " " #??????????? | | ????????????????# ???????????# #??????????? | | ????????????????# ???????????# "" " #??????????? | | ????????????????# ???????????# """ #??????????? | | ????????????????# ???######### #??????????? | | ????????????????# ???# ##/######??????????? | | ????????????????# ???# ## #???????????????? | | ?????####???????# #??# """ ## ##??????????????? | | ?????# #??????# #??# # #####??????????? | | ????## #??????# #?## """ + ???? | | ????? #??????# ###" # #######????????? | | ?????# +??????# ##"######### ##??????????????? | | ?????# #??????# # #????# #???????????????? | | ?????# #??????# # #????#+#???????????????? | | ????## ##?????# # #??????????????????????? | | ????# ####### / " " #??????????????????????? | | ????# # " " #??????????????????????? | | ????+ # " " #??????????????????????? | | ????# # #??????????????????????? | | ????# ###+####"########??????????????????????? | +----------------------------------------------------+ Best States ------------- Heat Dissipation 144 Coolant Potential 220 Energy Generation 53 Energy Capacity 1340 Matter Stores 300 Matter Capacity 300 Sight Range 20 Robot Scan Range 20 Terrain Scan Range 20 Terrain Scan Density 10 ECM Strength 2 Jamming Range 16 Cloak Strength 3 Additional Mass Support 16 Armor Coverage 600 Resistance: KI 20 Weapon Cycling 20 Phase Shifting 10 Evasion (%) 80 Targeting Accuracy 6 Target Analysis 8 Armor Integrity Analysis 40 Particle Charging 25 Offensive Hacking 52 Defensive Hacking 12 Item Schematics ----------------- Lrn. Missile Launcher | -8/Recycling | Hacked Imp. Medium Armor Plating | -8/Recycling | Hacked Hyp. Gauss Rifle | -6/Factory | Hacked Antimatter Cannon | -6/Factory | Hacked Combat Drone Bay | -6/Data Miner | Free Lgt. Regenerative Plating | -6/Data Miner | Free Enh. Armored Leg | -6/Data Miner | Free Exp. Heat Sink | -6/Data Miner | Free Cld. Plasma Rifle | -6/Data Miner | Free Adv. VSS Leg | -6/Data Miner | Free Imp. Phase Shifter | -6/Data Miner | Free Hvy. Gauss Cannon | -6/Data Miner | Free Lrn. Proton Cannon | -6/Data Miner | Free Impulse Thruster Array | -4/Factory | Hacked Hyp. Railgun | -4/Factory | Hacked Robot Schematics ------------------ Y-54 Guardian | -6/Factory | Hacked L-41 Fighter | -6/Factory | Hacked X-67 Chaingunner | -6/Factory | Hacked R-10 Processor | -6/Data Miner | Free E-15 Imp | -6/Data Miner | Free A-15 Conveyor | -6/Data Miner | Free G-67 Veteran | -6/Data Miner | Free Fabricated ------------ I-36 Angel | x1 | -6/Factory | Preloaded Lgt. Quantum Reactor | x2 | -5/Factory | Preloaded S-27 Virus | x4 | -5/Factory | Preloaded Adv. Force Field | x2 | -4/Factory | Preloaded Repaired ---------- Cloaking Device | 37% | -6/Factory Studied --------- Lrn. Missile Launcher | -6/Factory | Hacked Power Sword | -6/Factory | Hacked Hyp. Coil Gun | -5/Factory | Hacked Field Propulsion Array | -4/Factory | Hacked Shield Leg | -4/Factory | Hacked Myomer Leg | -4/Factory | Hacked Hvy. Armored Exoskeleton | -3/Testing | Hacked Gatling Laser | -3/Testing | Hacked Imp. Antigrav System | -2/Protoforge | Hacked Lgt. Quantum Reactor | -2/Protoforge | Hacked Alien Tech Used ----------------- Core Expander Integrated Reactor Core Stripper Subatomic Replicator High-powered Transdimensional Reconstructor Achievements -------------- Can't Touch This Nope Pyromaniac Rodney's Helpers Sunderer Super-what Now? Wiki Contributor Z1$+NX3F=JRE3_ZNQR Challenges ------------ None Game ------ Seed TerrorMomentumSubcomponent Manual? 0 Play Time 06:24:45 Cumulative 129.8 hours Start 2025.11.26 @ 16:40:01 End 2025.11.27 @ 16:40:54 Sessions 7 Manual Loads 0 Difficulty Rogue Special Mode None Game No. 67 Rogue 67 Adventurer 0 Explorer 0 Win Type - Total 1 Types 1/0/0/0/0/0/0/0/0/0 Lore% 62 Gallery% 59 Achievement% 45 Wizard Run 0 Options --------- Layout 1 ASCII 0 Keyboard 0 Movement Mouse Keybinds 0 Fullscreen 2 Font 32/SmallcapsGlow Map View 50x35 Zoom Use 0% Tactical HUD 1 Map Filters NONE Filters NONE Steam 1 RUN: e79385a4-5b63-4b5a-910f-a6f96a6f4851